 Dungeon Crawl Stone Soup version 0.22-a0-587-g7d32d7c (webtiles) character file.

168 Hebeh the Chopper (level 5, -4/47 HPs)
             Began as a Minotaur Fighter on July 4, 2018.
             Killed by divine providence
             ... invoked by an orc priest
              (13 damage)
             ... on level 4 of the Dungeon.
             The game lasted 00:04:58 (2469 turns).

Hebeh the Chopper (Minotaur Fighter)                Turns: 2469, Time: 00:04:59

Health: -4/47      AC:  7    Str: 22    XL:     5   Next: 24%
Magic:  4/4        EV:  5    Int:  5    God:
Gold:   161        SH: 14    Dex:  9    Spells: 4/4 levels left

rFire    . . .     SeeInvis .   a - +0 war axe
rCold    . . .     Gourm    .   l - +0 large shield
rNeg     . . .     Faith    .   b - +0 scale mail
rPois    .         Spirit   .   (helmet restricted)
rElec    .         Reflect  .   (no cloak)
rCorr    .         Harm     .   (no gloves)
MR       .....                  (no boots)
Stlth    ..........             (no amulet)
HPRegen  0.15/turn              (no ring)
MPRegen  0.09/turn              (no ring)

@: no status effects
A: retaliatory headbutt, horns 2
a: no special abilities


You were on level 4 of the Dungeon.
You were not hungry.

You visited 1 branch of the dungeon, and saw 4 of its levels.

You collected 161 gold pieces.

Inventory:

Hand Weapons
 a - a +0 war axe (weapon)
Missiles
 g - 53 stones
 h - 3 exploding tomahawks (quivered)
 o - 32 sling bullets
Armour
 b - a +0 scale mail (worn)
 c - a +0 shield
 l - a +0 large shield (worn)
Jewellery
 r - a +5 ring of strength {unknown}
Scrolls
 i - a scroll of random uselessness {unknown}
 j - a scroll of enchant armour {unknown}
 k - a scroll of teleportation {unknown}
 p - a scroll of fog {unknown}
 t - a scroll of identify {unknown}
 u - a scroll of enchant weapon {unknown}
Potions
 d - a potion of might
 e - 3 potions of curing {unknown}
 n - a potion of brilliance {unknown}
 q - a potion of berserk rage {unknown}
 s - a potion of resistance {unknown}
Comestibles
 f - 6 rations
 m - 9 chunks of flesh


   Skills:
 + Level 4.5 Fighting
 * Level 4.6 Axes
 + Level 4.5 Armour
 + Level 4.5 Shields


You had 4 spell levels left.
You didn't know any spells.
Your spell library was empty.

Dungeon Overview and Level Annotations

Branches:
Dungeon (4/15)
 Temple: D:4-7

Altars:
Makhleb
Okawaru


Innate Abilities, Weirdness & Mutations

You reflexively headbutt those who attack you in melee.
You have a pair of horns on your head.


Message History

The orc priest barely misses you.
You closely miss the orc priest.
The orc priest is lightly wounded.
The orc priest hits you with a club.
You barely miss the orc priest.
The orc priest is lightly wounded.
You block the orc priest's attack.
The orc priest mumbles some strange prayers to Beogh against you.
Beogh smites you!
* * * LOW HITPOINT WARNING * * *
You are too injured to fight recklessly!
You closely miss the orc priest.
The orc priest is lightly wounded.
The orc priest hits you with a club.
* * * LOW HITPOINT WARNING * * *
You hit the orc priest.
The orc priest is moderately wounded.
The orc priest mumbles some strange prayers to Beogh against you.
Beogh smites you!
You die...

# #.# #.# #.######
#......# ######.# ##
#.# ##.###.##
###...#...#######...
............@o.)....
#...#...#######...
##.##..## ## #.##
#.# ### #.# ##_##
#.# #.(.## #.#
8.⌠.8# #.#


You could see an orc priest.

Vanquished Creatures
  An orc priest (D:4)
  A worker ant (D:4)
  4 adders
  2 worms (D:3)
  2 dart slugs (D:1)
  2 leopard geckos
  2 orcs
  2 ball pythons
  4 giant cockroaches
  11 goblins
  7 hobgoblins
  3 jackals (D:4)
  7 kobolds
  2 quokkas
  5 bats
  2 frilled lizards (D:3)
  4 rats (D:1)
61 creatures vanquished.

Notes
Turn   | Place    | Note
-------+----------+-------------------------------------------
     0 | D:1      | Hebeh the Minotaur Fighter began the quest for the Orb.
     0 | D:1      | Reached XP level 1. HP: 19/19 MP: 0/0
   324 | D:1      | Reached XP level 2. HP: 27/27 MP: 1/1
   719 | D:1      | Reached XP level 3. HP: 33/33 MP: 2/2
  1546 | D:2      | Reached XP level 4. HP: 40/40 MP: 3/3
  2316 | D:4      | Reached XP level 5. HP: 31/47 MP: 4/4
  2352 | D:4      | Found an iron altar of Okawaru.
  2352 | D:4      | Found a burning altar of Makhleb.
  2469 | D:4      | Killed from afar by an orc priest

Vault maps used:
D:1:      sevenhm_arrival_forest_fort_small_4
D:2:      kennysheep_generic_room_12
D:3:      kennysheep_nub
D:4:      fedhas_altar_1, amethyst_overflow_temple_binary

Skill      XL: |  1  2  3  4 |
---------------+-------------+-----
Axes           | 3 4 |  4.6
Shields        | 4 |  4.5
Fighting       | 4 |  4.5
Armour         | 4 |  4.5

Action                   |  1- 3 |  4- 6 || total
-------------------------+-------+-------++-------
Melee: War axe           |    95 |    80 ||   175
       Headbutt          |    11 |    11 ||    22
  Eat: Chunk             |     2 |     3 ||     5
Armor: Scale mail        |    51 |    24 ||    75
Dodge: Dodged            |    32 |     9 ||    41
Block: Shield            |    52 |     1 ||    53
       Large shield      |       |    66 ||    66

Table legend:
 A = Spawn XP
 B = Non-spawn XP
 C = Spawn XP percentage of total XP
 D = Spawn monster count
 E = Non-spawn monster count
 F = Spawn count percentage of total count
 G = Total turns spent on level
                    A         B        C        D         E        F      G
               +---------+---------+-------+---------+---------+-------+---------
         Total |       0 |     241 |   0.0 |       0 |      61 |   0.0 |  2469
               +---------+---------+-------+---------+---------+-------+---------
           D:1 |       0 |      42 |   0.0 |       0 |      22 |   0.0 |   822
           D:2 |       0 |      58 |   0.0 |       0 |      12 |   0.0 |  1015
           D:3 |       0 |      53 |   0.0 |       0 |      19 |   0.0 |   434
           D:4 |       0 |      88 |   0.0 |       0 |       8 |   0.0 |   198
               +---------+---------+-------+---------+---------+-------+---------
